 Dungeon Crawl Stone Soup version 0.26.1-11-gd32895ea62 (webtiles) character file.

Game seed: 7132436163338973207

614163 RepoMan the Imperceptible (level 26, 0/152 HPs)
             Began as a Deep Elf Enchanter on July 26, 2021.
             Was a High Priest of Dithmenos.
             Killed from afar by a purple draconian annihilator (22 damage)
             ... with a poison arrow
             ... on level 5 of the Realm of Zot on July 29, 2021.
             The game lasted 17:57:23 (69393 turns).

RepoMan the Imperceptible (Deep Elf Enchanter)     Turns: 69393, Time: 17:57:24

Health: 0/152      AC: 17    Str: 10    XL:     26   Next: 85%
Magic:  14/60      EV: 30    Int: 39    God:    Dithmenos [*****.]
Gold:   2766       SH: 17    Dex: 24    Spells: 1/70 levels left

rFire    + . .     SeeInvis .   h - +9 dagger (holy)
rCold    + . .     Faith    .   z - +3 buckler {AC+3}
rNeg     . . .     Spirit   .   s - +2 leather armour "Piapamp" {rF+ Regen+ Str+5 Dex+2}
rPois    +         Reflect  .   (helmet restricted)
rElec    +         Harm     .   w - +2 cloak {rCorr}
rCorr    +         Rampage  .   N - +2 pair of gloves {Dex+3}
Will     ++...     Rnd*Tele +   g - +2 pair of boots {run} Stlth ********++
                                k - amulet of magic regeneration
HPRegen  0.75/turn              F - ring of Lugonu's Whim {rElec rC+ MP+9 Dex+4}
MPRegen  0.62/turn              M - ring of Kyipuos {rPois Int+6 Stlth+}

@: lethally poisoned (0 -> -2), very slightly contaminated, wreathed by umbra,
studying Armour, quick
A: antennae 1, fangs 1, large bone plates 3, blurry vision 1, teleportitis 1
}: 3/15 runes: serpentine, barnacled, silver
a: Renounce Religion, Shadow Step, Shadow Form


You were on level 5 of the Realm of Zot.
You worshipped Dithmenos.
Dithmenos was extremely pleased with you.
You visited 12 branches of the dungeon, and saw 54 of its levels.
You visited the Abyss 1 time.
You also visited: Trove, Ossuary and Gauntlet.

You collected 8855 gold pieces.
You spent 6089 gold pieces at shops.

Inventory:

Hand Weapons
 f - the +7 rapier of Tamosal {flame, Dex+5}
   (You found it on level 15 of the Dungeon)

   It has been specially enchanted to burn those struck by it, causing extra
   injury to most foes and up to half again as much damage against particularly
   susceptible opponents.
   It affects your dexterity (+5).
 h - a +9 dagger of holy wrath (weapon)
 q - a +9 vorpal quick blade
Armour
 g - a +2 pair of boots of running (worn)
 j - the +5 faerie dragon scales {rCorr Int+3}
   (You took it off the Enchantress on level 15 of the Dungeon)

   It affects your intelligence (+3).
   It provides partial protection from all sources of acid and corrosion.
 s - the +2 leather armour "Piapamp" (worn) {rF+ Regen+ Str+5 Dex+2}
   (You found it on level 6 of the Dungeon)

   It affects your strength (+5).
   It affects your dexterity (+2).
   It protects you from fire.
   It increases your rate of regeneration.
 w - a +2 cloak of preservation (worn)
 z - a +3 buckler of protection (worn)
 B - the +2 helmet of Buukus {rC+ rN+ Dex+4 SInv}
   (You found it in a Gauntlet)

   It affects your dexterity (+4).
   It protects you from cold.
   It protects you from negative energy.
   It lets you see invisible.
 N - a +2 pair of gloves of dexterity (worn)
 O - a scarf of resistance
 U - a +2 robe of the Archmagi
 Y - a +2 pair of boots of flying
Jewellery
 a - an uncursed ring of resist corrosion
 k - an amulet of magic regeneration (around neck)
 r - an uncursed ring of protection from cold
 E - an uncursed amulet of reflection
 F - the ring of Lugonu's Whim (left hand) {rElec rC+ MP+9 Dex+4}
   (You found it on level 3 of the Elven Halls)

   [ring of magical power]

   It affects your dexterity (+4).
   It protects you from cold.
   It insulates you from electricity.
   It affects your magic capacity (+9).
 J - an uncursed ring of positive energy
 K - an uncursed ring of protection from fire
 M - the ring of Kyipuos (right hand) {rPois Int+6 Stlth+}
   (You bought it in a shop on level 2 of the Orcish Mines)

   [ring of intelligence]

   It affects your intelligence (+6).
   It protects you from poison.
   It makes you more stealthy.
Wands
 l - a wand of iceblast (17)
 D - a wand of disintegration (8)
 T - a wand of digging (11)
Scrolls
 b - a scroll of blinking
 d - 6 scrolls of identify
 e - 5 scrolls of amnesia
 m - a scroll of enchant armour
 n - 29 scrolls of remove curse
 p - a scroll of magic mapping
 t - 4 scrolls of immolation
 v - a scroll of summoning
 y - 10 scrolls of fog
 A - 11 scrolls of enchant weapon
 C - 3 scrolls of fear
 I - 8 scrolls of teleportation
 P - 2 scrolls of vulnerability
 Q - 3 scrolls of silence
 Z - a scroll of holy word
Potions
 c - 2 potions of might
 o - 9 potions of flight
 u - 2 potions of haste
 x - 8 potions of curing
 G - 5 potions of lignification
 H - a potion of ambrosia
 L - a potion of invisibility
 R - a potion of cancellation
 X - 2 potions of resistance
Books
 i - a manual of Armour


   Skills:
 - Level 12.0 Fighting
 - Level 14.9 Short Blades
 - Level 18.5 Dodging
 + Level 26.4 Stealth
 - Level 4.0 Shields
 + Level 22.9 Spellcasting
 - Level 2.5 Conjurations
 - Level 24.1 Hexes
 - Level 1.0 Translocations
 * Level 21.1 Ice Magic
 - Level 9.0 Invocations


You had one spell level left.
You knew the following spells:

 Your Spells              Type           Power        Failure   Level
a - Absolute Zero         Ice            59%          12%         9
b - Blink                 Tloc           N/A          1%          2
c - Confusing Touch       Hex            100%         0%          3
d - Dazzling Flash        Conj/Hex       100%         0%          3
e - Mephitic Cloud        Conj/Pois/Air  50%          1%          3
f - Cause Fear            Hex            62%          0%          4
g - Apportation           Tloc           100%         1%          1
i - Invisibility          Hex            100%         0%          6
m - Metabolic Englaciati  Hex/Ice        60%          0%          5
o - Corona                Hex            100%         0%          1
p - Fulminant Prism       Conj/Hex       49%          1%          4
q - Magic Dart            Conj           100%         1%          1
s - Slow                  Hex            100%         0%          2
t - Tukima's Dance        Hex            100%         0%          3
x - Iskenderun's Mystic   Conj/Tloc      55%          3%          4
y - Yara's Violent Unrav  Hex/Tmut       47%          1%          5
z - Ensorcelled Hibernat  Hex/Ice        100%         0%          2
D - Discord               Hex            62%          1%          8
G - Summon Guardian Gole  Hex/Summ       95%          0%          3

Your spell library contained the following spells:

 Spells                   Type           Power        Failure   Level
 Freeze                   Ice            100%         0%          1
 Animate Skeleton         Necr           88%          1%          1
 Beastly Appendage        Tmut           88%          1%          1
 Pain                     Necr           100%         1%          1
 Sandblast                Erth           88%          1%          1
 Shock                    Conj/Air       100%         1%          1
 Summon Small Mammal      Summ           100%         1%          1
 Inner Flame              Hex/Fire       95%          0%          3
 Ozocubu's Armour         Ice            100%         0%          3
 Call Imp                 Summ           44%          1%          2
 Corpse Rot               Necr/Air       N/A          1%          2
 Passwall                 Tmut/Erth      36%          1%          2
 Searing Ray              Conj           100%         1%          2
 Sublimation of Blood     Necr           22%          1%          2
 Swiftness                Air            44%          1%          2
 Wereblood                Tmut           44%          1%          2
 Call Canine Familiar     Summ           44%          1%          3
 Conjure Flame            Conj/Fire      53%          1%          3
 Gell's Gravitas          Tloc           25%          1%          3
 Lesser Beckoning         Tloc           25%          1%          3
 Spider Form              Tmut/Pois      22%          1%          3
 Static Discharge         Conj/Air       53%          1%          3
 Stone Arrow              Conj/Erth      100%         1%          3
 Teleport Other           Tloc           51%          1%          3
 Vampiric Draining        Necr           22%          1%          3
 Ice Form                 Ice/Tmut       91%          1%          4
 Summon Ice Beast         Ice/Summ       91%          1%          4
 Silence                  Hex/Air        47%          1%          5
 Ozocubu's Refrigeration  Ice            59%          1%          6
 Simulacrum               Ice/Necr       45%          1%          6
 Passage of Golubria      Tloc           N/A          4%          4
 Freezing Cloud           Conj/Ice/Air   41%          4%          6
 Airstrike                Air            22%          7%          4
 Animate Dead             Necr           22%          7%          4
 Dispel Undead            Necr           44%          7%          4
 Petrify                  Tmut/Erth      44%          7%          4
 Summon Lightning Spire   Summ/Air       44%          7%          4
 Iskenderun's Battlesphe  Conj           59%          7%          5
 Lightning Bolt           Conj/Air       26%          12%         5
 Bolt of Magma            Conj/Fire/Erth 25%          14%         5
 Summon Forest            Summ/Tloc      24%          16%         5
 Alistair's Intoxication  Tmut/Pois      29%          19%         5
 Blade Hands              Tmut           22%          19%         5
 Borgnjor's Vile Clutch   Necr/Erth      22%          19%         5
 Excruciating Wounds      Necr           22%          19%         5
 Lee's Rapid Deconstruct  Erth           22%          19%         5
 Iron Shot                Conj/Erth      26%          54%         6
 Starburst                Conj/Fire      26%          54%         6
 Eringya's Noxious Bog    Tmut/Pois      22%          71%         6
 Hydra Form               Tmut           22%          71%         6
 Orb of Destruction       Conj           29%          90%         7
 Spellforged Servitor     Conj/Summ      26%          98%         7
 Malign Gateway           Summ/Tloc      24%          99%         7
 Monstrous Menagerie      Summ           22%          99%         7
 Summon Greater Demon     Summ           22%          99%         7
 Summon Hydra             Summ           22%          99%         7
 Borgnjor's Revivificati  Necr           22%          100%        8
 Chain Lightning          Conj/Air       26%          100%        8
 Ignition                 Fire           22%          100%        8
 Lehudib's Crystal Spear  Conj/Erth      26%          100%        8
 Summon Horrible Things   Summ           22%          100%        8
 Fire Storm               Conj/Fire      26%          100%        9
 Shatter                  Erth           22%          100%        9
 Tornado                  Air            22%          100%        9


Dungeon Overview and Level Annotations

Branches:
Dungeon (15/15)            Temple (1/1) D:5            Lair (6/6) D:11
 Shoals (4/4) Lair:4        Snake (4/4) Lair:3        Slime (1/5) Lair:5
    Orc (2/2) D:9             Elf (3/3) Orc:2        Vaults (5/5) D:14
  Crypt (3/3) Vaults:3       Tomb (0/3) Crypt:3      Depths (5/5) D:15
    Zot (5/5) Depths:5    Ossuary (visited)         Gauntlet (visited)

Altars:
Ashenzari
Cheibriados
Dithmenos
Elyvilon
Fedhas
Gozag
Hepliaklqana
Kikubaaqudgha
Makhleb
Nemelex Xobeh
Okawaru
Qazlal
Ru
Sif Muna
Trog
Uskayaw
Vehumet
Wu Jian
Xom
Yredelemnul
Zin
The Shining One

Shops:
D:4 *??   D:9 [   D:11 !   D:12 :   Orc:2 [*:!   Elf:1 (   Elf:2 !
Snake:1 =}=   Snake:2 (   Snake:4 :*   Vaults:3 (   Depths:1 [

Portals:
Hell: Depths:1 Depths:2 Depths:3 Depths:4 Depths:5
Abyss: Depths:2 Depths:3 Depths:4 Depths:5
Pandemonium: Orc:2 Depths:3
Ziggurat: Depths:4

Annotations:
D:7 exclusion: 2 electric eels
Lair:5 exclusion: oklob plant, Snorg
Elf:2 3 runed translucent doors
Vaults:3 exclusion: orange crystal statue, Margery
Vaults:5 Saint Roka


Innate Abilities, Weirdness & Mutations

You have a pair of small antennae on your head.
You have very sharp teeth.
You are completely covered in large bone plates. (SH +8)
Scrolls take you a little longer to read.
You are occasionally teleported next to monsters.


Message History

Aim: a moth of wrath (lightly wounded, umbra, chance to affect: 55%)
The moth of wrath resists with some effort.
You block the moth of wrath's attack.
Unknown command.
Casting: Ensorcelled Hibernation (safe; 0% risk of failure)
Confirm with . or Enter, or press ? or * to list all spells.
Aiming: Ensorcelled Hibernation (safe; 0% risk of failure)
Press: ? - help, Shift-Dir - straight line, f/p - moth of wrath
Aim: a moth of wrath (umbra, chance to affect: 55%)
The moth of wrath looks drowsy...
Unknown command.
The helpless moth of wrath fails to defend itself.
You skewer the moth of wrath like a kebab!!!!!
You kill the moth of wrath!
Dithmenos accepts your kill.
The purple draconian annihilator points at you and mumbles some strange words.
The poison arrow hits you!!
You are poisoned.
You partially resist.
You die...

...........,<,,,,,,,,,,**
##########.,,*******,,,* **,,,*
*,,,* *,,,,* ***** #X**** #.* #.*
########.######## ###########
#...........X..@# ##.......|..
*#..........8..## ##..z........
#.............# ##............
*#...........## #.............
#.......q88.# #.............
##.........8.#* #.............
#.......:.....# #.....^.......
*#.............#* #............^
*#.....).........#*#.^...........


You could see a tentacled monstrosity and a purple draconian annihilator.

Vanquished Creatures
  An ancient lich (Zot:3)
  Mara (Shoals:4)
  A juggernaut (Depths:1)
  Sojobo (Vaults:4)
  A royal mummy (Crypt:3)
  5 Killer Klowns
  Xtahua (Vaults:3)
  A curse toe (Zot:1)
  Nikola (Elf:1)
  3 golden dragons
  the Enchantress (D:15)
  10 tentacled monstrosities
  Rupert (D:12)
  7 Orb Guardians (Zot:5)
  7 liches
  4 deep elf master archers
  3 titans
  5 quicksilver dragons
  2 death cobs
  3 deep elf blademasters (Elf:3)
  3 tentacled starspawn
  2 ancient champions
  3 sphinxes
  Kirke (Lair:4)
  3 tengu reavers
  6 shadow dragons
  10 storm dragons
  4 draconian monks
  2 revenants
  7 fire giants
  9 nagarajas
  Aizul (Snake:1)
  5 frost giants
  3 deep elf sorcerers
  2 draconian knights
  3 ghost moths
  A balrug (Depths:1)
  10 vault wardens
  A juggernaut zombie (Crypt:2)
  4 deep elf elementalists
  2 draconian stormcallers
  Louise (Depths:4)
  7 iron dragons
  3 spriggan defenders (D:15)
  3 draconian shifters
  2 curse skulls (Crypt:3)
  A juggernaut skeleton (Depths:1)
  A draconian annihilator (Zot:2)
  2 caustic shrike skeletons
  8 ghouls
  8 ironheart preservers
  14 very ugly things
  A reaper (Crypt:3)
  A war gargoyle (Vaults:5)
  The ghost of Tyux Git the Fighter, a journeyman MiBe of Trog (Lair:1)
  4 vampire knights
  Nessos (Lair:4)
  5 deep elf demonologists
  18 stone giants
  6 spark wasps
  4 yellow draconians
  4 white draconians
  7 deep elf annihilators
  5 purple draconians
  An entropy weaver (Vaults:1)
  5 black draconians
  2 pale draconians (Depths:5)
  8 deep elf death magi
  3 merfolk javelineers
  An ettin (shapeshifter) (Depths:1)
  7 red draconians
  10 eidola
  11 ettins
  7 jiangshi
  A green death (Gauntlet)
  13 fire dragons
  3 merfolk impalers (Shoals:4)
  Josephine (Lair:5)
  9 yaktaur captains
  5 great orbs of eyes
  8 hydras
  6 deep elf high priests
  4 rakshasas
  9 ice dragons
  12 naga warriors
  18 anacondas
  A hell beast (Depths:2)
  15 vault guards
  5 boulder beetles
  A merfolk avatar (Shoals:4)
  3 death knights
  A catoblepas (D:15)
  13 centaur warriors
  10 deep troll shamans
  A two-headed ogre (shapeshifter) (Vaults:1)
  5 spriggan air magi
  A satyr (shapeshifter) (Depths:3)
  2 alligator snapping turtles
  3 merfolk aquamancers (Shoals:4)
  21 two-headed ogres
  13 dancing weapons
  2 tengu warriors
  5 vampire magi
  15 death yaks
  10 ogre magi
  10 deep troll earth magi
  A shock serpent (shapeshifter) (Vaults:4)
  A spriggan berserker (Depths:4)
  17 naga sharpshooters
  3 titan zombies
  2 storm dragon zombies
  A satyr (Shoals:1)
  5 shock serpents
  3 hell knights
  4 orc high priests (Orc:2)
  Sonja (Orc:1)
  10 soul eaters
  A sun demon (Orc:2)
  9 deep elf knights
  A golden dragon zombie (Crypt:3)
  17 skeletal warriors
  A sixfirhy (Abyss:4)
  6 salamander mystics
  2 shadow wraiths
  35 deep trolls
  An anaconda zombie (Crypt:3)
  2 unseen horrors
  An entropy weaver zombie (Vaults:1)
  5 sea snakes
  A goliath frog (shapeshifter) (Depths:1)
  2 torturous demonspawn (Orc:2)
  4 wizards
  4 flayed ghosts
  A ghost moth zombie (Crypt:2)
  A bog body (Crypt:2)
  4 glowing orange brains
  11 naga ritualists
  A bunyip skeleton (Crypt:2)
  An infernal demonspawn (Orc:2)
  A shadow dragon zombie (Crypt:3)
  17 deep elf archers
  13 phantasmal warriors
  A tengu zombie (Vaults:4)
  10 ironbrand convokers
  A lindwurm (shapeshifter) (Vaults:5)
  19 necromancers
  5 harpies (Shoals:4)
  A wolf spider zombie (D:15)
  10 orc knights
  2 orb spiders (shapeshifter)
  A mana viper (shapeshifter) (Depths:4)
  33 ugly things
  16 salamanders
  A tengu skeleton (Vaults:2)
  8 wolf spiders
  2 iron dragon zombies
  18 mana vipers
  A shadow dragon skeleton (Crypt:3)
  7 manticores
  5 fauns (Shoals:1)
  52 deep elf magi
  2 stone giant zombies
  An iron dragon skeleton (Crypt:3)
  11 orc sorcerers
  A frost giant zombie (Depths:1)
  2 merfolk sirens (Shoals:4)
  A sphinx skeleton (Crypt:2)
  20 elephants
  9 cyclopes
  11 moths of wrath
  2 frost giant skeletons (Crypt:3)
  Maurice (D:13)
  A stone giant skeleton (Vaults:2)
  2 shock serpent zombies (Crypt:3)
  12 vault sentinels
  A worldbinder (Abyss:5)
  An orange demon (Gauntlet)
  Joseph (D:9)
  A fire giant skeleton (Crypt:3)
  A black mamba (shapeshifter) (Depths:4)
  7 guardian serpents
  5 rust devils (Depths:2)
  13 naga magi
  2 cane toads (shapeshifter)
  3 dire elephant zombies
  A torpor snail (shapeshifter) (Depths:1)
  An apocalypse crab (Abyss:4)
  An eye of devastation (shapeshifter) (Vaults:1)
  4 water nymphs (Shoals:4)
  27 black mambas
  A torpor snail (Lair:6)
  2 shock serpent skeletons
  12 cane toads
  A smoke demon (Abyss:5)
  2 dire elephant skeletons (Crypt:3)
  A yaktaur zombie (Vaults:2)
  9 centaur skeletons
  5 kobold demonologists
  A catoblepas zombie (Crypt:3)
  A gargoyle (D:13)
  A yaktaur (shapeshifter) (Depths:3)
  6 komodo dragons
  3 rime drakes
  12 freezing wraiths
  An efreet (D:14)
  3 yaktaur skeletons
  A death yak skeleton (Crypt:1)
  A komodo dragon (shapeshifter) (Vaults:2)
  51 yaktaurs
  2 ice devils
  4 red devils
  15 hellwings
  An ancient zyme (Abyss:4)
  2 redback zombies
  A guardian mummy (Crypt:3)
  10 hornets
  A harpy zombie (Crypt:3)
  A queen bee (shapeshifter) (D:14)
  A troll (shapeshifter) (Elf:1)
  12 merfolk
  A meliai (D:13)
  10 polar bears
  5 tengu conjurers
  2 jumping spiders (shapeshifter)
  13 trolls
  3 wind drakes (Shoals:4)
  5 jumping spiders (Crypt:3)
  7 raiju
  A raiju (shapeshifter) (Vaults:1)
  7 blink frogs
  A boulder beetle zombie (Crypt:1)
  A wolf spider simulacrum (D:15)
  A tarantella zombie (Crypt:2)
  8 dream sheep (Lair:6)
  Grinder (D:3)
  4 ettin zombies
  2 fire dragon zombies
  29 slime creatures
  A meliai zombie (D:13)
  7 snapping turtles
  2 frost giant simulacra
  A stone giant simulacrum (Depths:1)
  16 wraiths
  2 fire dragon skeletons
  An ice dragon skeleton (Crypt:2)
  An alligator skeleton (Crypt:3)
  A fire giant simulacrum (Vaults:4)
  7 flying skulls
  Sigmund (D:3)
  An ettin skeleton (Crypt:3)
  A black mamba zombie (Crypt:3)
  3 redbacks (Crypt:3)
  16 spriggans
  2 ushabtiu (Crypt:3)
  4 wyverns
  4 air elementals
  6 water elementals
  A fire elemental (Elf:1)
  42 yaks
  A fire bat (shapeshifter) (Depths:1)
  2 basilisks
  2 elf zombies
  4 hogs (Lair:4)
  4 fire bats (D:10)
  2 golden eyes (shapeshifter)
  3 steam dragons (Depths:5)
  A human (shapeshifter) (Vaults:1)
  4 vampire mosquitoes (D:12)
  A deep troll zombie (Vaults:4)
  2 human simulacra
  An ogre zombie (Vaults:1)
  A merfolk zombie (Crypt:3)
  10 wargs
  6 large abominations
  5 acid dragons
  2 nagas (shapeshifter)
  A cane toad zombie (Crypt:2)
  25 nagas
  26 water moccasins
  4 hell hounds
  3 snapping turtle zombies
  A merfolk skeleton (Crypt:3)
  4 sky beasts
  3 black bears
  25 orc warriors
  6 ice beasts
  2 human zombies
  An elephant zombie (Crypt:1)
  25 ogres
  5 necrophages
  2 phantoms (D:8)
  A manticore zombie (Crypt:3)
  20 boggarts
  30 centaurs
  27 wolves
  6 big kobolds
  An octopode zombie (Crypt:2)
  4 small abominations (Abyss:4)
  23 bullfrogs
  An elf skeleton (Crypt:1)
  An earth elemental (Elf:1)
  A human skeleton (Vaults:4)
  10 wyvern skeletons
  7 scorpions
  9 wights
  3 electric eels
  A yak skeleton (Crypt:1)
  4 howler monkeys
  3 lava snakes
  3 crimson imps (Depths:4)
  6 hounds
  4 jellies
  2 bullfrog zombies
  3 centaur zombies
  A yaktaur simulacrum (Vaults:1)
  25 orc priests
  An iron imp (Depths:5)
  25 orc wizards
  2 iguanas
  7 hell rats
  11 worker ants
  A naga zombie (Crypt:2)
  A hound skeleton (D:9)
  4 mummies (Ossuary)
  A worker ant zombie (D:6)
  6 gnolls
  2 howler monkey skeletons
  17 adders
  3 shadow imps
  7 white imps
  2 ufetubi
  2 adder skeletons
  4 worms
  2 dart slugs
  6 leopard geckos
  91 orcs
  2 giant cockroaches
  5 goblins
  10 hobgoblins
  2 jackals (D:3)
  12 kobolds
  4 quokkas
  A bat (D:3)
  8 frilled lizards
  A goblin skeleton (Crypt:1)
  A hobgoblin zombie (Ossuary)
  A kobold skeleton (Crypt:3)
  4 kobold zombies (Ossuary)
  2 leopard gecko zombies (D:6)
  3 orc zombies (Ossuary)
  4 rats
  2 butterflies (Lair:6)
  4 fire vortices
  A starspawn tentacle (Abyss:4)
2084 creatures vanquished.

Vanquished Creatures (collateral kills)
  An ancient lich (Crypt:3)
  3 tentacled monstrosities
  4 tengu reavers
  A nagaraja (Snake:4)
  2 fire giants
  4 frost giants
  A vault warden (Vaults:1)
  An orc warlord (Vaults:4)
  A deep elf elementalist (Elf:3)
  2 draconian stormcallers
  A curse skull (Vaults:3)
  An ironheart preserver (Vaults:1)
  A spriggan defender (Depths:3)
  3 stone giants
  A yellow draconian (Zot:2)
  3 black draconians
  2 red draconians
  A white draconian (Zot:2)
  A spark wasp (Depths:3)
  2 merfolk javelineers (Shoals:4)
  A death ooze (Gauntlet)
  3 ettins
  A fire dragon (Depths:3)
  4 vault guards
  3 naga warriors
  A death knight (Vaults:3)
  Erica (D:9)
  13 two-headed ogres
  4 ogre magi
  A deep troll shaman (Depths:3)
  3 deep troll earth magi (Depths:3)
  A tengu warrior (Depths:1)
  7 hell knights
  A shock serpent (Snake:3)
  3 skeletal warriors
  A sixfirhy (Orc:2)
  An iron troll (Depths:3)
  2 salamander mystics
  A torturous demonspawn (Orc:2)
  7 deep trolls
  3 naga ritualists
  5 ironbrand convokers
  A deep elf archer (Elf:2)
  4 necromancers
  7 orc knights
  2 orc sorcerers
  2 deep elf magi (Elf:1)
  7 salamanders
  4 vault sentinels
  A smoke demon (Orc:2)
  4 naga magi
  2 black mambas
  An efreet (D:13)
  5 yaktaurs
  2 tengu conjurers
  2 red devils (Depths:4)
  A merfolk (Shoals:4)
  2 meliai (D:13)
  A fire giant simulacrum (Depths:3)
  A spriggan (Depths:1)
  An ettin skeleton (Vaults:4)
  Grum (Lair:1)
  35 nagas
  4 hell hounds (Depths:4)
  A floating eye (Depths:4)
  A floating eye (shapeshifter) (Depths:3)
  24 orc warriors
  3 boggarts (Depths:3)
  10 ogres
  A gnoll sergeant (D:9)
  2 wights (D:14)
  7 orc priests
  8 orc wizards
  3 gnolls
  An iguana zombie (Crypt:1)
  38 orcs
  A kobold (D:3)
  A quokka (D:6)
294 creatures vanquished.

Vanquished Creatures (others)
  A storm dragon (Zot:3)
  2 frost giants
  A vault warden (Vaults:1)
  A draconian shifter (Zot:2)
  A deep elf annihilator (Elf:3)
  A green draconian (Zot:2)
  A white draconian (Zot:5)
  A purple draconian (Zot:5)
  2 yellow draconians
  A vault guard (Vaults:5)
  The ghost of Loku the Blocker, a journeyman OpFE of Makhleb (D:11)
  2 deep troll earth magi (Depths:1)
  A deep troll (Depths:3)
  4 moths of wrath
  A hellion (Depths:4)
  2 yaktaurs (Depths:3)
  A naga (Snake:4)
  54 dancing weapons
  A boggart (Depths:3)
  A howler monkey (D:11)
  An orc (Vaults:5)
  22 blocks of ice
  A bush (Lair:6)
  37 fulminant prisms
  35 fungi
  52 plants
  8 starspawn tentacles
  12 withered plants (Crypt:3)
248 creatures vanquished.

Grand Total: 2626 creatures vanquished

Notes
Turn   | Place    | Note
-------+----------+-------------------------------------------
     0 | D:1      | RepoMan the Deep Elf Enchanter began the quest for the Orb.
     0 | D:1      | Reached XP level 1. HP: 10/10 MP: 6/6
   801 | D:1      | Reached skill level 4 in Stealth
   801 | D:1      | Reached XP level 2. HP: 13/15 MP: 5/8
   804 | D:1      | Learned a level 2 spell: Ensorcelled Hibernation
  1799 | D:2      | Reached XP level 3. HP: 19/19 MP: 9/9
  1815 | D:2      | Learned a level 3 spell: Tukima's Dance
  2217 | D:3      | Found a shimmering altar of Xom.
  2444 | D:3      | Noticed Grinder
  2493 | D:3      | Paralysed by Grinder for 6 turns
  2516 | D:3      | Killed Grinder
  2517 | D:3      | Reached skill level 5 in Stealth
  2517 | D:3      | Reached skill level 5 in Hexes
  2517 | D:3      | Reached XP level 4. HP: 7/24 MP: 1/12
  2517 | D:3      | Reached XP level 5. HP: 8/28 MP: 1/13
  2521 | D:3      | Learned a level 3 spell: Confusing Touch
  2525 | D:3      | Learned a level 3 spell: Dazzling Flash
  2596 | D:3      | Found an opulent altar of Gozag.
  2709 | D:3      | Noticed Sigmund
  2961 | D:3      | Killed Sigmund
  2962 | D:3      | Reached skill level 6 in Stealth
  2962 | D:3      | Reached XP level 6. HP: 17/32 MP: 0/14
  3131 | D:3      | Found a burning altar of Makhleb.
  3308 | D:4      | Found Umes's Magic Scroll Emporium.
  3316 | D:4      | Bought a scroll of fear for 42 gold pieces
  3316 | D:4      | Bought a scroll of identify for 24 gold pieces
  3316 | D:4      | Bought a scroll of identify for 24 gold pieces
  3381 | D:4      | Found Zittikk's Magic Scroll Shop.
  3457 | D:4      | Reached XP level 7. HP: 36/36 MP: 13/16
  3529 | D:4      | Found Neffokao's General Store.
  3630 | D:4      | Reached skill level 7 in Stealth
  3650 | D:4      | Found a basalt altar of Yredelemnul.
  3660 | D:4      | Reached skill level 5 in Spellcasting
  3709 | D:4      | Found a white marble altar of Elyvilon.
  3763 | D:4      | Found Isounot's Assorted Antiques.
  3885 | D:4      | You fall into a shaft and drop 2 floors!
  3988 | D:6      | Noticed a two-headed ogre
  4021 | D:6      | Killed a two-headed ogre
  4022 | D:6      | Reached skill level 5 in Dodging
  4022 | D:6      | Reached skill level 8 in Stealth
  4022 | D:6      | Reached XP level 8. HP: 30/41 MP: 2/19
  4118 | D:6      | Reached skill level 9 in Stealth
  4129 | D:6      | Got a faintly humming leather armour
  4130 | D:6      | Identified the +2 leather armour "Piapamp" {rF+ Regen+
                  | Str+5 Dex+2} (You found it on level 6 of the Dungeon)
  4243 | D:6      | Learned a level 2 spell: Slow
  4246 | D:6      | Learned a level 2 spell: Blink
  4248 | D:6      | Learned a level 1 spell: Magic Dart
  4328 | D:6      | Found a sand-covered staircase.
  4337 | Ossuary  | Entered an ossuary
  4613 | D:5      | Entered Level 5 of the Dungeon
  4924 | D:4      | Bought a scroll of noise for 14 gold pieces
  4924 | D:4      | Bought a scroll of identify for 28 gold pieces
  4924 | D:4      | Bought a scroll of identify for 28 gold pieces
  4972 | D:5      | Reached skill level 1 in Translocations
  5075 | D:5      | Found an ornate altar of the Wu Jian Council.
  5137 | D:5      | Found a staircase to the Ecumenical Temple.
  5146 | Temple   | Entered the Ecumenical Temple
  5312 | D:5      | Reached XP level 9. HP: 39/45 MP: 12/21
  5851 | D:6      | Found a radiant altar of Vehumet.
  5874 | D:6      | Reached skill level 5 in Short Blades
  5999 | D:6      | Reached skill level 10 in Stealth
  6692 | D:7      | Found a hazy altar of Hepliaklqana.
  7867 | D:8      | Reached skill level 11 in Stealth
  8265 | D:8      | Found a shadowy altar of Dithmenos.
  8272 | D:8      | Became a worshipper of Dithmenos the Shadowed
  8348 | D:9      | Found a blossoming altar of Fedhas.
  8446 | D:9      | Noticed a two-headed ogre
  8483 | D:9      | Reached XP level 10. HP: 50/50 MP: 19/24
  8510 | D:9      | Found an iron altar of Okawaru.
  8593 | D:9      | Found Ojeckola's Antique Armour Shop.
  8660 | D:9      | Bought a glowing cloak for 157 gold pieces
  8871 | D:9      | Noticed Joseph
  8938 | D:9      | Killed a two-headed ogre
  9005 | D:9      | Reached * piety under Dithmenos
  9287 | D:9      | Noticed Erica
  9303 | D:9      | Killed Erica
  9304 | D:9      | Reached skill level 12 in Stealth
  9739 | D:9      | Killed Joseph
  9899 | D:9      | Found a staircase to the Orcish Mines.
 10069 | D:10     | Entered Level 10 of the Dungeon
 10088 | D:10     | Reached ** piety under Dithmenos
 11052 | D:10     | Reached XP level 11. HP: 52/55 MP: 11/26
 11055 | D:10     | Reached skill level 13 in Stealth
 11203 | D:11     | Found a staircase to the Lair.
 11210 | Lair:1   | Entered Level 1 of the Lair of Beasts
 11296 | Lair:1   | Reached skill level 10 in Hexes
 11297 | Lair:1   | Found a runed translucent door.
 11308 | Lair:1   | Noticed Tyux Git's ghost (journeyman MiBe)
 11346 | Lair:1   | Reached skill level 1 in Fighting
 11565 | Lair:1   | Reached *** piety under Dithmenos
 11611 | Lair:1   | Noticed Grum
 11630 | Lair:1   | Killed Grum
 11956 | Lair:1   | Killed Tyux Git's ghost
 12112 | Lair:2   | Found a gate leading to a gauntlet.
 12121 | Gauntlet | Entered a Gauntlet
 12121 | Gauntlet | Found a transporter.
 12121 | Gauntlet | Found a large runed translucent door.
 12121 | Gauntlet | Found a large runed translucent door.
 12121 | Gauntlet | Found a large runed translucent door.
 12121 | Gauntlet | Found a large runed translucent door.
 12121 | Gauntlet | Found a runed translucent door.
 12121 | Gauntlet | Found a runed translucent door.
 12121 | Gauntlet | Found a large runed translucent door.
 12121 | Gauntlet | Found a large runed translucent door.
 12121 | Gauntlet | Found a large runed translucent door.
 12121 | Gauntlet | Found a large runed translucent door.
 12121 | Gauntlet | Found a large runed translucent door.
 12121 | Gauntlet | Found a large runed translucent door.
 12122 | Gauntlet | Found a large runed translucent door.
 12122 | Gauntlet | Found a large runed translucent door.
 12131 | Gauntlet | Found a transporter.
 12182 | Gauntlet | Found a large runed translucent door.
 12182 | Gauntlet | Found a large runed translucent door.
 12182 | Gauntlet | Found a large runed translucent door.
 12182 | Gauntlet | Found a large runed translucent door.
 12183 | Gauntlet | Found a runed translucent gate.
 12183 | Gauntlet | Found a runed translucent gate.
 12183 | Gauntlet | Found a runed translucent gate.
 12184 | Gauntlet | Found a transporter.
 12184 | Gauntlet | Noticed a death ooze
 12190 | Gauntlet | Found a transporter.
 12215 | Gauntlet | Found a transporter.
 12219 | Gauntlet | Found a transporter.
 12222 | Gauntlet | Noticed a death ooze
 12223 | Gauntlet | Killed a death ooze
 12225 | Gauntlet | Found a transporter.
 12226 | Gauntlet | Got a masterwork helmet
 12227 | Gauntlet | Identified the +2 helmet of Buukus {rC+ rN+ Dex+4 SInv}
                  | (You found it in a Gauntlet)
 12252 | Gauntlet | Found a transporter.
 12335 | Gauntlet | Found a transporter.
 12336 | Gauntlet | Noticed a green death
 12350 | Gauntlet | Found a transporter.
 12371 | Gauntlet | Killed a green death
 12372 | Gauntlet | Reached skill level 14 in Stealth
 12433 | Gauntlet | Got an ancient ring mail
 12436 | Gauntlet | Identified the cursed +1 ring mail "Caasch" {+Fly rC+ Str+7
                  | Int-2} (You found it in a Gauntlet)
 12481 | Gauntlet | Found a transporter.
 12485 | Gauntlet | Found a transporter.
 12513 | Gauntlet | Identified the ring of the Final Decision {EV+4 Int+4}
 12513 | Gauntlet | Noticed a minotaur
 12554 | Gauntlet | Got an encrusted kite shield
 12792 | Lair:2   | Found a basalt altar of Yredelemnul.
 13324 | Lair:3   | Reached XP level 12. HP: 64/64 MP: 27/27
 13341 | Lair:3   | Found a staircase to the Snake Pit.
 13576 | Lair:3   | Reached **** piety under Dithmenos
 13592 | Lair:3   | Reached skill level 10 in Dodging
 13811 | Lair:3   | Identified the +1 kite shield of Zirphegu {rF+++ Dex+6
                  | Slay-3} (You found it in a Gauntlet)
 13819 | Lair:4   | Noticed a death yak
 13819 | Lair:4   | Noticed a death yak
 14027 | Lair:4   | Reached skill level 15 in Stealth
 14218 | Lair:4   | Got a spiked scale mail
 14331 | Lair:4   | Noticed Nessos
 14337 | Lair:4   | Killed Nessos
 14517 | Lair:4   | Noticed a death yak
 14518 | Lair:4   | Noticed a death yak
 14519 | Lair:4   | Noticed a death yak
 14528 | Lair:4   | Noticed a death yak
 14558 | Lair:3   | Killed a death yak
 14588 | Lair:4   | Noticed a five-headed hydra
 14595 | Lair:4   | Killed a five-headed hydra
 14863 | Lair:4   | Reached skill level 16 in Stealth
 14872 | Lair:4   | Noticed Kirke
 15050 | Lair:4   | Killed Kirke
 15051 | Lair:4   | Reached XP level 13. HP: 72/72 MP: 25/28
 15151 | Lair:4   | Found a staircase to the Shoals.
 15232 | Lair:5   | Reached skill level 5 in Fighting
 15330 | Lair:5   | Noticed Snorg
 15457 | Lair:5   | Found a staircase to the Slime Pits.
 15754 | Lair:5   | Found a blossoming altar of Fedhas.
 16201 | Lair:5   | Reached skill level 17 in Stealth
 16262 | Lair:5   | Learned a level 5 spell: Yara's Violent Unravelling
 16294 | Lair:6   | Entered Level 6 of the Lair of Beasts
 16415 | Lair:6   | Got a warped robe
 16416 | Lair:6   | Identified the +1 robe of the Gusle {rF++ MP-9 Int+6} (You
                  | found it on level 6 of the Lair of Beasts)
 16501 | Lair:6   | Reached skill level 10 in Short Blades
 16761 | Lair:6   | Noticed Josephine
 17002 | Lair:5   | Killed Josephine
 17003 | Lair:5   | Reached XP level 14. HP: 73/80 MP: 23/29
 17126 | Lair:6   | Reached ***** piety under Dithmenos
 17392 | Lair:6   | Reached skill level 18 in Stealth
 17511 | Lair:6   | Learned a level 5 spell: Metabolic Englaciation
 17611 | Lair:6   | Learned a level 2 spell: Swiftness
 18010 | Lair:6   | Got a transparent great sword
 18013 | Lair:6   | Identified the +6 great sword of Hairy Trial by Ordeal
                  | {protect, rF++ rC- Will+ Str+2} (You found it on level 6 of
                  | the Lair of Beasts)
 18171 | Lair:6   | Identified the +0 scale mail "Bisa" {-Tele Int+4 Dex+4}
                  | (You found it on level 4 of the Lair of Beasts)
 18422 | Orc:1    | Entered Level 1 of the Orcish Mines
 18422 | Orc:1    | Noticed Sonja
 18427 | Orc:1    | Killed Sonja
 18897 | Orc:2    | Entered Level 2 of the Orcish Mines
 18926 | Orc:2    | Found a staircase to the Elven Halls.
 19222 | Orc:2    | Reached ****** piety under Dithmenos
 19296 | Orc:2    | Found Enkuduci's Distillery.
 19463 | Orc:2    | Found Xetygrof's General Store.
 19813 | Orc:2    | Reached XP level 15. HP: 87/87 MP: 20/30
 19830 | Orc:2    | Reached skill level 19 in Stealth
 19833 | Orc:2    | Reached skill level 10 in Spellcasting
 19838 | Orc:2    | Found Ciriele's Book Shoppe.
 19838 | Orc:2    | Found Dyaqatz's Antique Armour Emporium.
 19838 | Orc:2    | Found a one-way gate leading to the halls of Pandemonium.
 19850 | Orc:2    | Bought a book of Cantrips for 200 gold pieces
 19852 | Orc:2    | Learned a level 1 spell: Apportation
 19854 | Orc:2    | Bought a pair of bloodstained gloves for 228 gold pieces
 19854 | Orc:2    | Identified the cursed +0 pair of gloves of Shadows and Fog
                  | {*Corrode Regen+ Slay+4 SInv} (You bought it in a shop on
                  | level 2 of the Orcish Mines)
 20206 | Orc:2    | Bought the ring of Kyipuos {rPois Int+6 Stlth+} for 1305
                  | gold pieces
 20390 | D:11     | Found a portal to a secret trove of treasure.
 20481 | D:11     | Found Pewig's Distillery.
 20712 | D:11     | Found a transporter.
 20742 | D:11     | Found a transporter.
 20742 | D:11     | Noticed Loku's ghost (journeyman OpFE)
 20744 | D:11     | Noticed a tengu reaver
 20766 | D:11     | Killed Loku's ghost
 20777 | D:11     | Killed a tengu reaver
 21052 | D:11     | Bought a potion of resistance for 160 gold pieces
 21083 | D:11     | You paid a toll of 5 potions of resistance to enter a
                  | treasure trove
 21084 | Trove    | Entered a treasure trove
 21089 | Trove    | Got a faintly humming ring mail
 21095 | Trove    | Got a slimy plate armour
 21116 | Trove    | Got a translucent helmet
 21118 | Trove    | Got a pitted scale mail
 21125 | Trove    | Identified the +0 helmet of the Chupacabra {*Drain Will++
                  | Regen+ Str+6} (You found it in a treasure trove)
 21169 | Trove    | Identified the +4 ring mail "Usmofasiro" {Int+2} (You found
                  | it in a treasure trove)
 21175 | Trove    | Identified the +2 scale mail of Kofyfi {Rampage rN+ Will+
                  | SInv} (You found it in a treasure trove)
 21183 | D:11     | Identified the +0 plate armour of Awe {Int-3 Dex-2 SInv
                  | Stlth+} (You found it in a treasure trove)
 21534 | D:12     | Found Suddobas's Book Shoppe.
 21682 | D:12     | Noticed Rupert
 21702 | D:12     | Paralysed by Rupert for 2 turns
 21709 | D:12     | Killed Rupert
 21710 | D:12     | Reached skill level 1 in Invocations
 22632 | D:13     | Noticed Maurice
 22642 | D:13     | Killed Maurice
 23159 | D:14     | Found a gate to the Vaults.
 23799 | D:15     | Entered Level 15 of the Dungeon
 23809 | D:15     | Found a basalt altar of Yredelemnul.
 23928 | D:15     | Got a dazzling rapier
 23929 | D:15     | Identified the +7 rapier of Tamosal {flame, Dex+5} (You
                  | found it on level 15 of the Dungeon)
 24103 | D:15     | Reached skill level 15 in Hexes
 24338 | D:15     | Found a staircase to the Depths.
 24344 | D:15     | Reached skill level 20 in Stealth
 24344 | D:15     | Reached XP level 16. HP: 94/94 MP: 33/33
 24981 | Snake:1  | Entered Level 1 of the Snake Pit
 25605 | Snake:1  | Noticed Aizul
 25630 | Snake:1  | Killed Aizul
 25844 | Snake:1  | Found Soimiezoq's Jewellery Shop.
 25844 | Snake:1  | Found Xioshrath's Gadget Shoppe.
 25845 | Snake:1  | Found Wuplimu's Jewellery Shop.
 26247 | Snake:2  | Reached skill level 5 in Invocations
 26247 | Snake:2  | Found Soxuwuck's Antique Weapon Shoppe.
 26336 | Snake:1  | Bought the amulet "Namiaral" {Acrobat rElec Str+2} for 530
                  | gold pieces
 26470 | Snake:2  | Got a brightly glowing scale mail
 26471 | Snake:2  | Identified the cursed +0 scale mail of the Hanged Man
                  | {rN++} (You found it on level 2 of the Snake Pit)
 27793 | Snake:3  | Found an ancient bone altar of Kikubaaqudgha.
 28082 | Snake:3  | Got a shimmering war axe
 28083 | Snake:3  | Identified the +4 war axe of the Doomed Warrior {vorpal,
                  | rElec rF- rC++ Str+3} (You found it on level 3 of the Snake
                  | Pit)
 28278 | Snake:4  | Entered Level 4 of the Snake Pit
 28360 | Snake:4  | Reached XP level 17. HP: 100/100 MP: 34/34
 28642 | Snake:4  | Found Ogucem's Book Emporium.
 28643 | Snake:4  | Found Riuph's General Store.
 28655 | Snake:4  | Bought a potion of heal wounds for 50 gold pieces
 28655 | Snake:4  | Bought a potion of curing for 30 gold pieces
 28775 | Snake:4  | Identified a +2 pair of boots of running (You found it on
                  | level 4 of the Snake Pit)
 30253 | Snake:4  | Got a serpentine rune of Zot
 31006 | Vaults:1 | Entered Level 1 of the Vaults
 31186 | Vaults:1 | Reached XP level 18. HP: 105/105 MP: 38/38
 31656 | Vaults:1 | Reached skill level 15 in Spellcasting
 32613 | Vaults:1 | Reached skill level 21 in Stealth
 33194 | Vaults:2 | Got a crystal arbalest
 33204 | Vaults:2 | Identified the +7 arbalest of the Boar {elec, rPois} (You
                  | found it on level 2 of the Vaults)
 34449 | Vaults:3 | Reached XP level 19. HP: 112/112 MP: 40/40
 34497 | Vaults:3 | Found Kubraepn's Weapon Boutique.
 35162 | Vaults:3 | Reached skill level 15 in Dodging
 35685 | Vaults:3 | Reached skill level 10 in Fighting
 35713 | Vaults:3 | Noticed Margery
 36230 | Vaults:3 | Found a staircase to the Crypt.
 36246 | Vaults:3 | Noticed Xtahua
 36283 | Vaults:3 | Killed Xtahua
 38416 | Vaults:4 | Noticed Sojobo
 38484 | Vaults:4 | Killed Sojobo
 38867 | Vaults:4 | Reached XP level 20. HP: 115/118 MP: 20/42
 39016 | Vaults:4 | Got an ancient arbalest
 39018 | Vaults:4 | Identified the +5 arbalest of Dissatisfaction {penet, rElec
                  | rC+ Str+3} (You found it on level 4 of the Vaults)
 39315 | Vaults:5 | Entered Level 5 of the Vaults
 39506 | Vaults:5 | Paralysed by a great orb of eyes for 6 turns
 39733 | Vaults:5 | Got a silver rune of Zot
 39787 | Vaults:5 | Noticed Saint Roka
 40553 | Shoals:1 | Entered Level 1 of the Shoals
 40740 | Shoals:4 | Entered Level 4 of the Shoals
 40771 | Shoals:4 | Got an amethyst-encrusted ring mail
 40772 | Shoals:4 | Identified the +3 ring mail of the Planets {rElec rF- Int+7
                  | Slay-3} (You found it on level 4 of the Shoals)
 40832 | Shoals:4 | Reached skill level 22 in Stealth
 41025 | Shoals:4 | Noticed Mara
 41242 | Shoals:4 | Killed Mara
 41325 | Shoals:4 | Got a barnacled rune of Zot
 41736 | Slime:1  | Entered Level 1 of the Pits of Slime
 42228 | Depths:1 | Entered Level 1 of the Depths
 42228 | Depths:1 | Noticed the Enchantress
 42279 | D:15     | Killed the Enchantress
 42830 | Depths:1 | Reached XP level 21. HP: 74/124 MP: 33/43
 43128 | Elf:1    | Entered Level 1 of the Elven Halls
 43250 | Elf:1    | Reached skill level 1 in Shields
 43335 | Elf:1    | Found Vehen's Weapon Emporium.
 43410 | Elf:1    | Found a huge runed gate.
 43410 | Elf:1    | Found a huge runed gate.
 43412 | Elf:1    | Found a huge runed gate.
 43412 | Elf:1    | Found a huge runed gate.
 43414 | Elf:1    | Found a huge runed gate.
 43415 | Elf:1    | Found a huge runed gate.
 43415 | Elf:1    | Noticed Nikola
 43416 | Elf:1    | Killed Nikola
 43418 | Elf:1    | Found a huge runed gate.
 43418 | Elf:1    | Found a huge runed gate.
 43418 | Elf:1    | Found a huge runed gate.
 43418 | Elf:1    | Found a huge runed gate.
 43418 | Elf:1    | Found a huge runed gate.
 43418 | Elf:1    | Found a huge runed gate.
 43418 | Elf:1    | Found a huge runed gate.
 43470 | Elf:1    | Identified the +8 mace of the Twisting Owl {vorpal, Fragile
                  | +Fly rElec rPois}
 43850 | Elf:1    | Identified Sif Muna's Guide on Summoning and Clay
 43859 | Elf:1    | Learned a level 4 spell: Fulminant Prism
 43864 | Elf:1    | Learned a level 4 spell: Iskenderun's Mystic Blast
 43868 | Elf:1    | Learned a level 3 spell: Mephitic Cloud
 44025 | Elf:1    | Reached skill level 1 in Ice Magic
 44215 | Elf:1    | Got a crude ring mail
 44223 | Elf:1    | Identified the +3 ring mail of Beogh's Castigation {Str-3
                  | Int+3 Dex+5} (You found it on level 1 of the Elven Halls)
 44224 | Elf:1    | Identified the amulet "Afroib" {Faith Str+3 Stlth+}
 44273 | Elf:1    | Identified Qaoc's Reference Book on Attacks
 44505 | Elf:2    | Found a runed translucent gate.
 44505 | Elf:2    | Found a runed translucent gate.
 44506 | Elf:2    | Found a runed translucent gate.
 44593 | Elf:2    | Learned a level 3 spell: Summon Guardian Golem
 44843 | Elf:2    | Found Nyove's Distillery.
 44848 | Elf:2    | Bought a potion of heal wounds for 90 gold pieces
 44848 | Elf:2    | Bought a potion of heal wounds for 90 gold pieces
 44848 | Elf:2    | Bought a potion of heal wounds for 90 gold pieces
 44848 | Elf:2    | Bought a potion of heal wounds for 90 gold pieces
 44848 | Elf:2    | Bought a potion of curing for 54 gold pieces
 45030 | Elf:3    | Entered Level 3 of the Elven Halls
 46755 | Elf:3    | Reached skill level 23 in Stealth
 46995 | Elf:3    | Reached skill level 5 in Ice Magic
 47005 | Elf:3    | Cast into level 3 of the Abyss (a deep elf sorcerer)
 47241 | Abyss:4  | Reached skill level 1 in Conjurations
 47387 | Abyss:5  | Entered Level 5 of the Abyss
 47501 | Elf:3    | Escaped the Abyss
 47822 | Elf:3    | Identified the Almanac of the Voyage and Confrontation
 47835 | Elf:3    | Learned a level 8 spell: Discord
 47838 | Elf:3    | Got a translucent long sword
 47857 | Elf:3    | Identified the Disquisition on Cloudy Black Secrets
 47864 | Elf:3    | Got a shimmering glass ring
 47865 | Elf:3    | Identified the ring of Lugonu's Whim {rElec rC+ MP+9 Dex+4}
                  | (You found it on level 3 of the Elven Halls)
 47904 | Elf:3    | Got a bloodstained rapier
 47905 | Elf:3    | Identified the +4 rapier "Neuweofe" {venom, SInv} (You
                  | found it on level 3 of the Elven Halls)
 47954 | Elf:3    | Got a faintly humming leather armour
 47955 | Elf:3    | Identified the +3 leather armour of Fun and Games {rC+
                  | Dex+3} (You found it on level 3 of the Elven Halls)
 48373 | Depths:1 | Reached XP level 22. HP: 132/132 MP: 44/44
 48886 | Depths:1 | Identified the cursed +1 great sword of Judgement {holy,
                  | Int+4 Dex+8}
 48943 | Depths:1 | Learned a level 4 spell: Cause Fear
 48965 | Depths:1 | Found Riekhoax's Antique Armour Emporium.
 49576 | Depths:1 | Identified the Compendium of the Firefly
 50533 | Depths:1 | Found the +3 robe of Folly {Archmagi, Will-- Int+5}
 50565 | Depths:1 | Found a radiant altar of Vehumet.
 50613 | Depths:1 | Identified the cursed +1 long sword "Killer Klown's Death"
                  | {distort, rN+ Will+ Str-5 Int+4} (You found it on level 3
                  | of the Elven Halls)
 50616 | Depths:1 | Got a shimmering robe
 50617 | Depths:1 | Identified the +0 robe of the Bagpipe {rF+ rCorr SInv} (You
                  | found it on level 1 of the Depths)
 50636 | Depths:1 | Got a brightly glowing hat
 50639 | Depths:1 | Got a steaming robe
 50641 | Depths:1 | Identified the cursed +0 robe "Niggayba" {rPois} (You found
                  | it on level 1 of the Depths)
 50647 | Depths:1 | Got a brightly glowing robe
 50648 | Depths:1 | Identified the +0 robe "Luluirimoz" {rPois rC+ rN+ Will+}
                  | (You found it on level 1 of the Depths)
 50899 | Depths:1 | Found a gateway to Hell.
 51076 | Depths:2 | Noticed a juggernaut
 51214 | Depths:2 | Reached skill level 10 in Ice Magic
 51679 | Depths:1 | Killed a juggernaut
 52333 | Snake:4  | Bought a book of Annihilations for 1987 gold pieces
 53265 | D:4      | Bought a scroll of identify for 24 gold pieces
 53289 | D:4      | Bought a scroll of identify for 28 gold pieces
 53289 | D:4      | Bought a scroll of blinking for 105 gold pieces
 53292 | D:4      | Identified the cursed +0 hat of the Beekeeper {+Fly rElec
                  | rF+ rN+} (You found it on level 1 of the Depths)
 53355 | D:4      | Bought a fuming emerald potion for 31 gold pieces
 53355 | D:4      | Reached XP level 23. HP: 129/129 MP: 47/47
 53714 | Crypt:1  | Entered Level 1 of the Crypt
 53839 | Crypt:1  | Reached XP level 24. HP: 142/142 MP: 47/47
 55646 | Crypt:2  | Found a shimmering altar of Xom.
 55831 | Crypt:3  | Entered Level 3 of the Crypt
 57268 | Crypt:3  | Found a staircase to the Tomb.
 57268 | Crypt:3  | Noticed a royal mummy
 57682 | Crypt:3  | Killed a royal mummy
 57993 | Crypt:3  | Found an ancient bone altar of Kikubaaqudgha.
 58146 | Crypt:3  | Noticed an ancient lich
 58377 | Crypt:3  | Reached skill level 15 in Ice Magic
 58658 | Crypt:3  | Killed an ancient lich
 58673 | Crypt:3  | Identified the Incunabulum of Evil Arts
 58675 | Crypt:3  | Identified the Handbook of the Fetching Escort
 59450 | Depths:2 | Found a one-way gate to the infinite horrors of the Abyss.
 60079 | Depths:2 | Learned a level 9 spell: Absolute Zero
 60135 | Depths:2 | Reached XP level 25. HP: 125/147 MP: 49/49
 60498 | Depths:3 | HP: 6/147 [stone giant/large rock (47)]
 61312 | Depths:3 | Got a fine rapier
 61313 | Depths:3 | Identified the +3 rapier "Ticseed" {flame, rPois} (You
                  | found it on level 3 of the Depths)
 61666 | Depths:4 | Noticed Louise
 61677 | Depths:4 | Killed Louise
 62134 | Depths:4 | Found a gateway to a ziggurat.
 63093 | Depths:5 | Entered Level 5 of the Depths
 63598 | Depths:5 | Reached skill level 24 in Stealth
 63713 | Depths:5 | Found a gate to the Realm of Zot.
 64442 | Zot:1    | Entered Level 1 of the Realm of Zot
 65099 | Zot:1    | Reached XP level 26. HP: 143/152 MP: 38/50
 66041 | Orc:2    | Bought a book of Party Tricks for 500 gold pieces
 66049 | Orc:2    | Learned a level 6 spell: Invisibility
 66665 | Zot:1    | Noticed an orb of fire
 66674 | Zot:1    | Gained mutation: You are dopey. (Int -2) [an orb of fire]
 66677 | Zot:1    | Lost mutation: You are dopey. (Int -2) [potion of mutation]
 66677 | Zot:1    | Gained mutation: You can translocate small distances at
                  | will. [potion of mutation]
 66677 | Zot:1    | Gained mutation: You have sharp toenails. [potion of
                  | mutation]
 66677 | Zot:1    | Gained mutation: Your muscles are strong. (Str +2) [potion
                  | of mutation]
 66897 | Zot:1    | Reached skill level 25 in Stealth
 67185 | Zot:3    | Noticed an ancient lich
 67399 | Zot:2    | Learned a level 1 spell: Corona
 67425 | Zot:3    | Killed an ancient lich
 67442 | Zot:2    | Gained mutation: You are clumsy. (Dex -2) [mutagenic glow]
 67484 | Zot:2    | Lost mutation: You have sharp toenails. [potion of
                  | mutation]
 67484 | Zot:2    | Lost mutation: You are clumsy. (Dex -2) [potion of
                  | mutation]
 67484 | Zot:2    | Lost mutation: Your muscles are strong. (Str +2) [potion of
                  | mutation]
 67484 | Zot:2    | Gained mutation: You are frail. (-10% HP) [potion of
                  | mutation]
 67484 | Zot:2    | Gained mutation: Scrolls take you a little longer to read.
                  | [potion of mutation]
 67484 | Zot:2    | Gained mutation: You are partially covered in large bone
                  | plates. (SH +4) [potion of mutation]
 67484 | Zot:2    | Gained mutation: Your flesh is cold resistant. (rC+)
                  | [potion of mutation]
 67485 | Zot:2    | Lost mutation: You can translocate small distances at will.
                  | [potion of mutation]
 67485 | Zot:2    | Lost mutation: Scrolls take you a little longer to read.
                  | [potion of mutation]
 67485 | Zot:2    | Gained mutation: You have very sharp teeth. [potion of
                  | mutation]
 67485 | Zot:2    | Gained mutation: You have a pair of small antennae on your
                  | head. [potion of mutation]
 67493 | Zot:2    | Gained mutation: You are occasionally teleported next to
                  | monsters. [mutagenic glow]
 68072 | Orc:2    | Bought a potion of mutation for 144 gold pieces
 68072 | Orc:2    | Bought a scroll of identify for 36 gold pieces
 68072 | Orc:2    | Lost mutation: Your flesh is cold resistant. (rC+) [potion
                  | of mutation]
 68072 | Orc:2    | Lost mutation: You are frail. (-10% HP) [potion of
                  | mutation]
 68072 | Orc:2    | Gained mutation: Scrolls take you a little longer to read.
                  | [potion of mutation]
 68072 | Orc:2    | Gained mutation: You are mostly covered in large bone
                  | plates. (SH +6) [potion of mutation]
 68072 | Orc:2    | Gained mutation: You are completely covered in large bone
                  | plates. (SH +8) [potion of mutation]
 68761 | Zot:3    | Identified a scroll of acquirement
 68781 | Zot:3    | Acquired 1081 gold pieces
 68840 | Zot:3    | Reached skill level 26 in Stealth
 68858 | Zot:3    | You fall into a shaft and drop 1 floor!
 68975 | Zot:5    | Entered Level 5 of the Realm of Zot
 69393 | Zot:5    | Killed from afar by a purple draconian annihilator

Illustrated notes

Levels and vault maps discovered:
D:1:      dpeg_arrival_radiant, layout_basic, minmay_lizard_pond
D:2:      layout_rooms, grunt_ministairs_9
D:3:      layout_loops_cross, lemuel_doored_altar, grunt_gozag_statues,
          nicolae_overflow_hidden_temple, uniq_grinder, uniq_sigmund
D:4:      layout_loops_ring, kennysheep_ying_yang, serial_shops, shop, shop,
          nicolae_shop_crystal, shop
D:5:      layout_cave_pools, lemuel_round_altar,
          minmay_temple_entry_butterflies, grunt_decor_clamped
D:6:      minmay_cornered_nines, layout_loops_cross, vehumet_crystals,
          nicolae_ossuary_entry_monument
D:7:      layout_loops_corners, nzn_hepliaklqana_mist_gate, serial_bayou,
          serial_bayou_shore_a, serial_bayou_pond_c, serial_bayou_shore_b,
          serial_bayou_crossing, serial_bayou_shore_b
D:8:      layout_loops_corners, lemuel_crystal_altar, st_stairs_12
D:9:      layout_basic, kennysheep_little_box, david_orc_4, serial_shops,
          nicolae_shop_window_shopping, okawaru_altar_gauntlet_db, uniq_joseph,
          uniq_erica
D:10:     layout_loops_ring, special_room [special_room_orc],
          hangedman_incinerator
D:11:     layout_grid_maze, lair_entry_dummy, serial_shops, shop,
          gammafunk_ghost_arena, enter_trove_1
D:12:     layout_grid_maze, serial_shops, nicolae_shop_stone,
          chequers_serial_rivers_room_a, uniq_rupert
D:13:     layout_rooms, small_statue_intersection, uniq_maurice
D:14:     layout_basic, hangedman_vaults_entry_quadrant_bands, minivault_27
D:15:     grunt_enter_depths_magical_seal, layout_basic, lemuel_crystal_altar
Temple:   minmay_temple_bridge_abc
Lair:1:   layout_chaotic_city, ebering_ghost_reflecting_pool,
          infiniplex_staircase_pool_2, uniq_grum
Lair:2:   layout_long_grid, gauntlet_entry_generic, basic_altar,
          lemuel_fruit_fields, lemuel_fruit_tree
Lair:3:   layout_big_grid, minmay_snake_entry_six_corridors, grunt_megastairs_1
Lair:4:   layout_concentric_octagons, minmay_shoals_entry_hut,
          eino_small_chamber_without_monster, kilobyte_rumbling_trees,
          uniq_nessos, uniq_kirke
Lair:5:   beast_lair_carwin_large_1, layout_gridlike, dpeg_slime_entry_corner,
          tgw_fedhas, uniq_snorg
Lair:6:   minmay_lair_end_enchanted_forest, layout_cave_shapes,
          bobbens_ice_dragon_lair, grunt_megastairs_4, lemuel_fruit_fields,
          lemuel_fruit_fields, uniq_josephine
Shoals:1: cheibrodos_shoals_satyrical_garden, layout_shoals, serial_shops,
          shop_statue, nicolae_shoals_aquamancer_cove
Shoals:2: layout_shoals, nicolae_shoals_cliffside_cave, uniq_roxanne
Shoals:3: layout_shoals, ebering_ghost_davey_jones, serial_shops, shop
Shoals:4: shoals_end_simple, layout_shoals, nicolae_shoals_square_sea_wall,
          uniq_mara
Snake:1:  layout_gridlike, nicolae_snake_squiggles, minmay_shop_grove,
          grunt_megastairs_5, uniq_aizul
Snake:2:  layout_misc_corridors, serial_shops, shop_coins,
          serial_bayou_lagoon_a, drop_trap
Snake:3:  layout_misc_corridors, basic_altar
Snake:4:  johnstein_snake_rune_scales, layout_layer_cave, minmay_shoptagon
Slime:1:  layout_caves, cheibrodos_slime_lost_civilization_5
Orc:1:    layout_caves, serial_shops, uniq_sonja
Orc:2:    pf_orc_diabolical, layout_diamond_mine, rock_pile
Elf:1:    minmay_elf_arrival_circle, layout_loops_ring, serial_shops, shop,
          minmay_elf_annihilation, door_vault, uniq_nikola
Elf:2:    layout_gridlike, serial_shops, shop, uniq_donald
Elf:3:    minmay_elf_hall, layout_loops_cross
Vaults:1: hangedman_vaults_trim, grunt_vaults_bifocal, dpeg_vaults_monster_row,
          nicolae_vaults_network_s, nicolae_vaults_inception_scallops, v_misc_1,
          vaults_room_grid, vaults_room_boxed, grunt_vaults_focal, v_misc_10,
          nicolae_vaults_little_squares_1, nicolae_vaults_diagonal_hallway_7,
          nicolae_vaults_lopsided_apartments, vaults_mumra_chevron_long,
          vaults_room_pools, layout_vaults_omnibox
Vaults:2: v_pattern_4, vaults_mumra_hex, ontoclasm_vaults_shuriken,
          vaults_room_pools, vaults_room_door_hall, v_misc_23, v_misc_29,
          nicolae_vaults_ring_of_whatevers, v_misc_2, vaults_room_semicircle,
          ontoclasm_vaults_pinch, nicolae_vaults_yaktaur_gun_rack,
          layout_vaults_ring
Vaults:3: v_misc_25, ontoclasm_vaults_ring_small, serial_ice_h,
          hangedman_vaults_nodes, nicolae_vaults_border_crossing,
          minmay_crypt_entry_simple_corners, vaults_dpeg_ring,
          nicolae_vaults_little_squares_3, vaults_room_door_ring,
          vaults_dpeg_hooks, nicolae_vaults_statue_guard,
          layout_vaults_omnicross, serial_shops, shop, uniq_margery, uniq_xtahua
Vaults:4: nicolae_vaults_network_star, v_misc_23, v_misc_22, vaults_room_pool,
          ontoclasm_vaults_ligature, nicolae_vaults_windows_and_doors_thing,
          v_misc_26, ontoclasm_vaults_decontamination, v_misc_30,
          layout_vaults_omnigrid, uniq_sojobo
Vaults:5: uniq_saint_roka
Crypt:1:  layout_regular_city
Crypt:2:  layout_regular_city, grunt_ministairs_10, minmay_misc_feat_rows,
          lemuel_statue_altar
Crypt:3:  evilmike_haunted_forest
Depths:1: minmay_heptahexagon, layout_long_grid, minmay_misc_feat_more_columns,
          serial_shops, shop, hellmouth_1, grunt_decor_cap,
          grunt_tower_of_power, uniq_enchantress
Depths:2: minmay_curly_fans, layout_gridlike, abyss_entry, dk_noncrumbling_4,
          grunt_mini_vestibule, minmay_metal_thing,
          infiniplex_staircase_pillars_3a
Depths:3: kennysheep_oblong_rooms, layout_basic, hell_entry, abyss_entry,
          pan_entry, hangedman_decor_diamond_cutter, minmay_stone_trees_small,
          hangedman_decor_opposing, nrook_mini_vaults, kennysheep_diamond,
          st_stairs_3, amcnicky_mini_rare_corridor_liquid
Depths:4: minmay_broken_ring, layout_basic, enter_ziggurat_c,
          nicolae_abyss_entry_one_way_or_another, hellmouth_3,
          minmay_staircase_windowed_large, serial_bayou_shore_b
Depths:5: evilmike_zot_entry_gauntlet, layout_gridlike,
          grunt_hell_entry_dis_old, abyss_entry, kennysheep_pointless_box,
          serial_bayou_shore_b
Zot:1:    grunt_deathspiral_small, layout_cathedral_of_symmetry, st_stairs_8,
          grunt_ministairs_6
Zot:2:    layout_onion_interference, gammafunk_ghost_split
Zot:3:    ebering_klown_carousel, layout_misc_corridors
Zot:4:    kennysheep_blocky_room, layout_gridville
Zot:5:    layout_misc_corridors, gammafunk_ghost_crypt

Skill      XL: |  1  2  3  4  5  6  7  8  9 10 11 12 13 14 15 16 17 18 19 20 21 22 23 24 25 26 |
---------------+-------------------------------------------------------------------------------+-----
Stealth        | 4 5 6 8 9 11 12 14 16 17 18 20 21 22 23 24 26 | 26.4
Dodging        | 3 4 5 6 7 8 9 11 12 13 14 16 17 18 | 18.5
Short Blades   | 2 3 4 5 6 8 9 10 11 12 13 14 | 14.9
Spellcasting   | 4 6 8 9 11 14 15 16 18 20 21 22 | 22.9
Hexes          | 5 6 7 8 9 11 12 13 14 15 16 19 21 22 23 24 | 24.1
Translocations | 1 |  1.0
Fighting       | 3 4 6 7 8 9 10 11 12 | 12.0
Invocations    | 3 5 6 9 |  9.0
Shields        | 3 4 |  4.0
Ice Magic      | 6 11 16 19 21 | 21.1
Conjurations   | 1 2 |  2.5

Action                   |  1- 3 |  4- 6 |  7- 9 | 10-12 | 13-15 | 16-18 | 19-21 | 22-24 | 25-27 || total
-------------------------+-------+-------+-------+-------+-------+-------+-------+-------+-------++-------
Melee: Whip              |    65 |       |       |       |       |       |       |       |       ||    65
       Dagger            |    64 |    56 |   192 |   399 |   685 |   639 |   673 |  1034 |   399 ||  4141
       Rapier            |       |       |       |       |     8 |   178 |   142 |    80 |   120 ||   528
       Quick blade       |       |       |       |       |       |       |       |       |    22 ||    22
       Bite              |       |       |       |       |       |       |       |       |     1 ||     1
Throw: Stone             |    22 |       |       |       |       |       |       |       |       ||    22
       Throwing net      |       |       |       |     2 |       |       |    13 |       |       ||    15
 Cast: Corona            |    25 |     2 |    27 |    37 |    33 |    17 |    15 |    11 |       ||   167
       Ensorcelled Hiber |    32 |    16 |    54 |   147 |   274 |   125 |   176 |   133 |   100 ||  1057
       Confusing Touch   |       |     3 |    13 |    24 |    47 |    48 |    57 |   132 |    34 ||   358
       Tukima's Dance    |       |     2 |    12 |    34 |    66 |   148 |    97 |    48 |    29 ||   436
       Magic Dart        |       |       |     1 |       |     2 |     3 |    14 |     7 |     1 ||    28
       Dazzling Flash    |       |       |       |    12 |    34 |    43 |    35 |     9 |    30 ||   163
       Slow              |       |       |       |     4 |    34 |     6 |    10 |     4 |     7 ||    65
       Blink             |       |       |       |     6 |    11 |     7 |    12 |    12 |    19 ||    67
       Metabolic Englaci |       |       |       |       |     9 |    20 |    63 |    23 |     8 ||   123
       Swiftness         |       |       |       |       |     1 |       |       |       |       ||     1
       Apportation       |       |       |       |       |     6 |    10 |    19 |     1 |     8 ||    44
       Yara's Violent Un |       |       |       |       |       |    40 |    96 |    26 |    14 ||   176
       Summon Guardian G |       |       |       |       |       |       |    10 |    23 |     6 ||    39
       Fulminant Prism   |       |       |       |       |       |       |     6 |    19 |    12 ||    37
       Mephitic Cloud    |       |       |       |       |       |       |       |    10 |     1 ||    11
       Discord           |       |       |       |       |       |       |       |     2 |    19 ||    21
       Iskenderun's Myst |       |       |       |       |       |       |       |    17 |    23 ||    40
       Absolute Zero     |       |       |       |       |       |       |       |       |    27 ||    27
       Invisibility      |       |       |       |       |       |       |       |       |     4 ||     4
Invok: Shadow Step       |       |       |       |       |     4 |     2 |     6 |    15 |    11 ||    38
       Shadow Form       |       |       |       |       |       |       |       |     1 |       ||     1
Evoke: Wand              |       |       |       |    18 |     9 |     4 |     6 |    13 |     2 ||    52
  Use: Scroll            |     5 |     3 |    12 |    26 |    20 |    10 |    28 |    12 |    12 ||   128
       Potion            |     3 |       |     4 |     8 |     7 |    10 |    20 |    10 |    15 ||    77
 Stab: Sleeping          |    21 |    11 |    83 |   133 |   275 |   200 |   221 |   187 |   100 ||  1231
       Confused          |       |     2 |    13 |    30 |    48 |    54 |    61 |   151 |    39 ||   398
       Distracted        |       |       |     1 |     3 |     9 |    15 |    22 |    17 |     8 ||    75
       Invisible         |       |       |       |     8 |    27 |    42 |    20 |     6 |    33 ||   136
       Held in net/web   |       |       |       |       |       |       |     7 |       |       ||     7
Armor: Robe              |    16 |    10 |     2 |       |       |       |       |       |       ||    28
       Skin              |       |       |    11 |       |    20 |     8 |       |       |       ||    39
       Leather armour    |       |       |    22 |    44 |    72 |    88 |    75 |    80 |    76 ||   457
Dodge: Dodged            |    78 |    20 |    71 |   238 |   401 |   538 |   664 |   480 |   524 ||  3014
Block: Buckler           |       |       |       |       |       |       |    83 |   265 |   217 ||   565
       Reflection        |       |       |       |       |       |       |       |    12 |       ||    12
